 Dungeon Crawl Stone Soup version 0.17-a0-1951-g62301d3 (webtiles) character file.

17389 hansproleman the Blocker (level 12, 0/110 HPs)
             Began as a Minotaur Berserker on Oct 1, 2015.
             Was a High Priest of Trog.
             Slain by a titanic slime creature (37 damage)
             ... on level 12 of the Dungeon on Oct 2, 2015.
             The game lasted 01:27:45 (10950 turns).

hansproleman the Blocker (Minotaur Berserker)      Turns: 10950, Time: 01:27:45

Health: 0/110      AC: 18    Str: 26    XL:     12   Next: 18%
Magic:  3/3        EV:  7    Int:  3    God:    Trog [*****.]
Gold:   742        SH: 20    Dex: 12    Spells: 0 memorised, 11 levels left

rFire  . . .     SeeInvis .     P - +7 eveningstar (antimagic) {woo yea}
rCold  . . .     Clarity  .     g - +3 plate armour {cool br0}
rNeg   . . .     SustAt   .     c - +0 large shield
rPois  .         Gourm    .     (helmet restricted)
rElec  .         Spirit   .     (no cloak)
rCorr  .         Warding  .     (no gloves)
rMut   .         Stasis   .     t - +0 pair of boots
MR     ++...                    (no amulet)
Stlth  ..........               (no ring)
                                (no ring)

@: regenerating, very resistant to hostile enchantments, extremely unstealthy
A: retaliatory headbutt, horns 2, dopey 1, mutation resistance 1, strong 1,
MP-powered wands
a: Burn Spellbooks, Berserk, Trog's Hand, Brothers in Arms, Renounce Religion


You were on level 12 of the Dungeon.
You worshipped Trog.
Trog was extremely pleased with you.
You were very hungry.

You visited 1 branch of the dungeon, and saw 12 of its levels.
You also visited: Ice Cave.

You collected 742 gold pieces.

Inventory:

Hand weapons
 w - a +0 morningstar {fart ass}
 x - a +0 blowgun
 C - a +2 shortbow of freezing
 P - a +7 antimagic eveningstar (weapon) {woo yea}
 X - a +0 hand crossbow
 Z - a +1 antimagic eveningstar
Missiles
 r - 39 poisoned needles
 D - 200 arrows
Armour
 c - a +0 large shield (worn)
 g - a +3 plate armour (worn) {cool br0}
 i - the +1 scale mail of Adwunky {+Fly rC+ MP-9 Dex+7, unknown}
   (You took it off Edmund on level 6 of the Dungeon)

   It affects your dexterity (+7).
   It protects you from cold.
   It affects your magic capacity (-9).
   It lets you fly.
 t - a +0 pair of boots (worn)
Jewellery
 b - an uncursed ring of stealth {unknown}
 k - an uncursed ring of fire
 o - an uncursed ring of invisibility {unknown}
 y - an uncursed amulet of warding {unknown}
 O - an uncursed ring of teleportation
 R - an uncursed amulet of inaccuracy
Magical devices
 s - a wand of frost (36)
 F - a wand of paralysis (0)
 G - a wand of confusion (20)
 J - a wand of fire (11)
 M - a wand of digging (16)
 N - a wand of slowing (34)
 Q - a wand of disintegration (9)
Scrolls
 e - 2 scrolls of remove curse
 l - 2 scrolls of magic mapping
 p - 3 scrolls of teleportation
 v - 3 scrolls of blinking
 U - 2 scrolls of random uselessness
 V - 2 scrolls of identify
 Y - a scroll of fear {unknown}
Potions
 d - a potion of agility
 f - a potion of ambrosia {unknown}
 j - 2 potions of might
 m - a potion of cancellation
 n - 3 potions of brilliance
 q - 2 potions of poison
 z - 4 potions of flight
 A - a potion of invisibility
 B - 2 potions of degeneration
 H - 2 potions of heal wounds {unknown}
 S - 2 potions of haste {unknown}
Comestibles
 a - a royal jelly
 u - 4 bread rations
 I - 7 fruits
 L - 4 slices of pizza


   Skills:
 + Level 11.3 Fighting
 + Level 12.9 Maces & Flails
 + Level 9.6 Armour
 + Level 4.0 Dodging
 + Level 1.5 Stealth
 + Level 13.4 Shields
 + Level 0.3 Evocations


You had 11 spell levels left.
You didn't know any spells.

Dungeon Overview and Level Annotations

Branches:
Dungeon (12/15)            Temple (0/1) D:5            Lair (0/8) D:10
    Orc (0/4) D:11

Altars:
Cheibriados
Dithmenos
Elyvilon
Fedhas
Okawaru
Qazlal
Sif Muna
Trog
Vehumet
Yredelemnul
Zin

Shops:
D:6 [

Annotations:
D:1 ehhh


Innate Abilities, Weirdness & Mutations

You reflexively headbutt those who attack you in melee.
You have a pair of horns on your head.
You are dopey. (Int -2)
You are somewhat resistant to further mutation.
Your muscles are strong. (Str +2)
You expend magic power (3 MP) to strengthen your wands.


Message History

You impale the titanic slime creature!!
The titanic slime creature is heavily wounded.
The titanic slime creature hits you!!!
Ouch! That really hurt!
* * * LOW HITPOINT WARNING * * *
Use which ability?
Your skin crawls.
You feel resistant to hostile enchantments.
You feel slightly more hungry.
You block the titanic slime creature's attack.
You sock the titanic slime creature!
You headbutt the titanic slime creature!
The titanic slime creature is heavily wounded.
You puncture the titanic slime creature!
The titanic slime creature is heavily wounded.
You block the titanic slime creature's attack.
You puncture the titanic slime creature!
The titanic slime creature is severely wounded.
The titanic slime creature hits you!!!
You die...

#####.####.####......#
# #..###)...##...#...
.# ##....###..........
.# ####.).###...####.
######).##.#.####
#....<...........
#.#######..####..# ...
##.....# ....#
#@###...# ......##J#
.. .........#
............(.#
.........######
.....##... ....# #.##.
.... ..# .. ... .## ##


You could see a titanic slime creature.

Vanquished Creatures
  Josephine (D:10)
  Erica (D:8)
  A centaur warrior (D:12)
  2 hill giants (D:10)
  A necromancer (D:10)
  2 ugly things
  An elephant (D:10)
  3 centaur skeletons (D:10)
  A freezing wraith (D:12)
  A blue devil (IceCv)
  6 slime creatures (D:12)
  A deep elf mage (D:12)
  2 trolls
  5 shadows (D:10)
  2 flying skulls (D:10)
  9 yaks
  A deep elf fighter (D:8)
  2 hungry ghosts
  2 hippogriffs
  Edmund (D:6)
  4 ice beasts
  A sky beast (D:7)
  A water moccasin (D:8)
  3 black bears
  2 necrophages (D:10)
  2 orc warriors (D:11)
  A phantom (D:5)
  3 crocodiles (D:10)
  6 ogres
  6 centaurs
  A big kobold (D:10)
  5 giant frogs
  A water moccasin zombie (D:7)
  A wyvern zombie (D:9)
  5 scorpions
  8 killer bees
  A water moccasin skeleton (D:6)
  10 wights
  3 centaur zombies
  3 crimson imps
  4 iguanas
  8 orc priests
  A gnoll shaman (D:4)
  4 jellies
  3 giant frog zombies
  6 hounds
  19 orc wizards
  A killer bee zombie (D:10)
  7 worker ants
  2 hound zombies (D:10)
  2 hound skeletons (D:10)
  Robin (D:4)
  3 worker ant zombies
  6 adders
  2 shadow imps
  2 white imps (IceCv)
  7 ufetubi (IceCv)
  2 adder zombies
  An adder skeleton (D:9)
  A worm (D:3)
  9 giant geckos
  68 orcs
  12 bats
  36 goblins
  12 hobgoblins
  4 jackals (D:10)
  10 quokkas
  3 ball pythons
  8 giant cockroaches
  3 giant gecko zombies
  8 giant newts
  17 kobolds
  A quokka skeleton (D:4)
  5 rats
390 creatures vanquished.

Vanquished Creatures (collateral kills)
  An orc warrior (D:6)
  2 orc priests (D:6)
3 creatures vanquished.

Vanquished Creatures (others)
  An orc wizard (D:5)
  2 white imps (IceCv)
  2 fungi (D:10)
5 creatures vanquished.

Grand Total: 398 creatures vanquished

Notes
Turn   | Place    | Note
--------------------------------------------------------------
     0 | D:1      | hansproleman the Minotaur Berserker began the quest for the Orb.
     0 | D:1      | Reached XP level 1. HP: 19/19 MP: 0/0
   234 | D:1      | Reached skill level 4 in Maces & Flails
   234 | D:1      | Reached XP level 2. HP: 27/27 MP: 1/1
   416 | D:1      | Acquired Trog's second power
   623 | D:1      | Reached XP level 3. HP: 30/33 MP: 2/2
   786 | D:2      | Found a faded altar to an unknown god.
   881 | D:2      | Gained mutation: You are weak. (Str -2) [potion of mutation]
   881 | D:2      | Lost mutation: You are weak. (Str -2) [potion of mutation]
   881 | D:2      | Gained mutation: You are somewhat resistant to further mutation. [potion of mutation]
  1000 | D:2      | Found a snail-covered altar of Cheibriados.
  1418 | D:3      | Reached XP level 4. HP: 41/41 MP: 3/3
  1720 | D:3      | Noticed an ogre
  1740 | D:3      | Killed an ogre
  1740 | D:3      | Reached skill level 5 in Fighting
  1740 | D:3      | Reached skill level 5 in Maces & Flails
  1740 | D:3      | Reached skill level 1 in Shields
  1740 | D:3      | Reached XP level 5. HP: 9/48 MP: 4/4
  1938 | D:3      | Acquired Trog's third power
  1979 | D:3      | Noticed a scorpion
  1995 | D:3      | Killed a scorpion
  2113 | D:3      | Found a blossoming altar of Fedhas.
  2521 | D:4      | Reached XP level 6. HP: 30/56 MP: 5/5
  2703 | D:4      | Noticed Robin
  2740 | D:4      | Killed Robin
  2997 | D:4      | Noticed an ogre
  3015 | D:4      | Killed an ogre
  3015 | D:4      | Reached skill level 6 in Maces & Flails
  3195 | D:4      | Reached XP level 7. HP: 56/61 MP: 6/6
  3523 | D:5      | Entered Level 5 of the Dungeon
  3741 | D:5      | Reached skill level 5 in Shields
  3902 | D:5      | Found a shadowy altar of Dithmenos.
  3963 | D:5      | Reached skill level 5 in Armour
  4001 | D:5      | Reached XP level 8. HP: 61/70 MP: 7/7
  4359 | D:5      | Reached skill level 7 in Maces & Flails
  4469 | D:5      | Found a staircase to the Ecumenical Temple.
  4974 | D:6      | Found Muhomiot's Armour Boutique.
  5359 | D:6      | Upgraded the game from 0.17-a0-1946-gfb768fe to 0.17-a0-1951-g62301d3
  5430 | D:6      | Noticed Edmund
  5456 | D:6      | Killed Edmund
  5460 | D:6      | Got a jewelled scale mail
  5769 | D:6      | Reached skill level 1 in Stealth
  5811 | D:6      | Found a white marble altar of Elyvilon.
  5813 | D:6      | Found a shadowy altar of Dithmenos.
  5816 | D:6      | Found a bloodstained altar of Trog.
  5817 | D:6      | Found a basalt altar of Yredelemnul.
  5823 | D:6      | Found an iron altar of Okawaru.
  6088 | D:7      | Reached skill level 8 in Shields
  6112 | D:7      | Reached XP level 9. HP: 73/78 MP: 8/8
  6152 | D:7      | Found a deep blue altar of Sif Muna.
  6564 | D:7      | Found a radiant altar of Vehumet.
  6564 | D:7      | Found a glowing silver altar of Zin.
  6726 | D:7      | Found a stormy altar of Qazlal.
  6787 | D:7      | Reached skill level 9 in Shields
  6835 | D:7      | Gained mutation: Your muscles are strong. (Str +2) [mutagenic meat]
  6836 | D:7      | Gained mutation: You are dopey. (Int -2) [mutagenic meat]
  6838 | D:7      | Gained mutation: You expend magic power (3 MP) to strengthen your wands. [mutagenic meat]
  7201 | D:8      | Received a gift from Trog
  7247 | D:8      | Noticed Erica
  7252 | D:8      | Killed Erica
  7252 | D:8      | Reached skill level 10 in Shields
  7252 | D:8      | Reached XP level 10. HP: 79/88 MP: 3/9
  7657 | D:9      | Reached skill level 10 in Maces & Flails
  7667 | D:9      | Reached skill level 11 in Shields
  8126 | D:10     | Entered Level 10 of the Dungeon
  8159 | D:10     | Noticed a hill giant
  8169 | D:10     | Killed a hill giant
  8311 | D:10     | Found a staircase to the Lair.
  8323 | D:10     | Noticed an elephant
  8330 | D:10     | Killed an elephant
  8379 | D:10     | Noticed a necromancer
  8391 | D:10     | Reached skill level 12 in Shields
  8405 | D:10     | Reached XP level 11. HP: 86/97 MP: 3/10
  8431 | D:10     | Killed a necromancer
  8678 | D:10     | Noticed Josephine
  8693 | D:10     | Killed Josephine
  8693 | D:10     | Reached skill level 10 in Fighting
  8959 | D:10     | Noticed a hill giant
  8966 | D:10     | Killed a hill giant
  9580 | D:11     | Found a staircase to the Orcish Mines.
  9581 | D:11     | Received a gift from Trog
  9630 | D:11     | Found a labyrinth entrance.
  9988 | D:11     | Found a frozen archway.
  9998 | IceCv    | Entered an ice cave
 10150 | IceCv    | Reached skill level 13 in Shields
 10159 | IceCv    | Noticed an ice statue
 10159 | IceCv    | Noticed an ice statue
 10590 | D:12     | Noticed a centaur warrior
 10595 | D:12     | Killed a centaur warrior
 10600 | D:12     | Reached XP level 12. HP: 101/110 MP: 3/11
 10950 | D:12     | Slain by a titanic slime creature

Vault maps used:
D:1:      scummos_arrival_forest
D:2:      lemuel_crystal_altar, ecumenical_altar_2
D:3:      corexii_shack_village, fedhas_altar_3, first_bread, hex_medium,
          grunt_ministairs_11, minmay_ogre_servants
D:4:      uniq_robin
D:5:      minmay_temple_entry_enclosed_plants, gup_sewer_entry_bowl, basic_altar
D:6:      lemuel_upstairs_altar, minitemple, serial_shops,
          kennysheep_little_box, uniq_edmund
D:7:      lemuel_doored_altar, nicolae_overflow_crystal_walls,
          gammafunk_temple_overflow_wave, serial_glass, glass_columns_b,
          glass_columns_c, glass_columns_a, glass_columns_a, glass_columns_a,
          glass_columns_a, glass_columns_a, glass_columns_a, glass_columns_a,
          glass_columns_c, glass_columns_a, glass_columns_b, glass_columns_c,
          glass_columns_b
D:8:      grunt_pizzeria, uniq_erica
D:9:      minmay_misc_feat_ornament
D:10:     hangedman_screamer, david_lair_generic, spider_trap, st_stairs_4
D:11:     hiddenorc2_lemuel, lab_entry_generic, portal_ice_cave_entry_pillars_02
IceCv:    ice_cave_small_demon

Action                   |  1- 3 |  4- 6 |  7- 9 | 10-12 || total
-------------------------+-------+-------+-------+-------++-------
Melee: Mace              |   116 |   215 |   159 |       ||   490
       Morningstar       |       |       |   239 |       ||   239
       Eveningstar       |       |       |     4 |   501 ||   505
Invok: Burn Spellbooks   |       |     2 |       |     1 ||     3
       Trog's Hand       |       |     1 |       |     1 ||     2
       Berserk           |       |     1 |     2 |       ||     3
       Brothers in Arms  |       |       |     1 |       ||     1
Evoke: Wand              |       |       |     2 |       ||     2
  Use: Scroll            |     4 |     3 |    11 |     7 ||    25
       Potion            |     3 |       |     1 |     2 ||     6
 Stab: Paralysed         |       |       |     3 |       ||     3
  Eat: Bread ration      |     1 |     1 |     2 |       ||     4
       Fruit             |       |     2 |     2 |       ||     4
       Meat ration       |       |       |     2 |     1 ||     3
       Pizza             |       |       |     1 |     5 ||     6
       Chunk             |       |       |     5 |       ||     5
       Beef jerky        |       |       |       |     2 ||     2
